 Dungeon Crawl Stone Soup version 0.23.1 (webtiles) character file.

Game seed: 2112139287366001934

4198 Forgol the Arsonist (level 10, 0/80 HPs)
             Began as a Red Draconian Fire Elementalist on Mar 11, 2019.
             Was a Follower of Vehumet.
             Slain by a hippogriff (5 damage)
             ... on level 9 of the Dungeon.
             The game lasted 00:31:24 (12096 turns).

Forgol the Arsonist (DrFE)                         Turns: 12096, Time: 00:31:25

Health: 0/80       AC: 10    Str: 11    XL:     10   Next: 8%
Magic:  3/22       EV: 17    Int: 19    God:    Vehumet [*.....]
Gold:   500        SH:  0    Dex: 11    Spells: 10/25 levels left

rFire    + . .     SeeInvis .   w - +3 trident
rCold    . . .     Gourm    .   (no shield)
rNeg     . . .     Faith    .   (armour unavailable)
rPois    .         Spirit   .   (helmet restricted)
rElec    .         Reflect  .   i - +1 cloak
rCorr    .         Harm     .   (no gloves)
MR       .....                  A - +0 pair of boots
Stlth    ++........             (no amulet)
HPRegen  0.23/turn              h - +5 ring of evasion
MPRegen  0.18/turn              s - ring of wizardry

@: short of breath, berserk cooldown, slowed, very slow
A: breathe fire, unfitting armour, fire resistance 1, cold-blooded, AC +7
a: Breathe Fire, Renounce Religion


You were on level 9 of the Dungeon.
You worshipped Vehumet.
Vehumet was aware of your devotion.
You were not hungry.

You visited 2 branches of the dungeon, and saw 10 of its levels.

You collected 500 gold pieces.

Inventory:

Hand Weapons
 w - a +3 trident (weapon)
Armour
 i - a +1 cloak (worn)
 A - a +0 pair of boots (worn)
Magical Staves
 y - an uncursed staff of conjuration
Jewellery
 d - a +3 ring of dexterity
 h - a +5 ring of evasion (left hand)
 q - an uncursed ring of protection from cold
 s - a ring of wizardry (right hand)
Wands
 j - a wand of acid (6)
 l - a wand of random effects (38)
 n - a wand of flame (39)
 u - a wand of paralysis (1)
 D - a wand of iceblast (10)
 E - a wand of polymorph (6)
Scrolls
 a - 2 scrolls of magic mapping {unknown}
 e - 3 scrolls of remove curse
 f - a scroll of random uselessness
 m - a scroll of blinking
 x - a scroll of fog
 C - 2 scrolls of fear
 F - a scroll of teleportation
Potions
 c - a potion of flight
 g - 2 potions of brilliance
 k - 3 potions of might
 o - 2 potions of ambrosia
 r - a potion of heal wounds {unknown}
 t - 2 potions of curing
 v - 2 potions of degeneration {unknown}
 z - 2 potions of cancellation {unknown}
 B - a potion of lignification {unknown}
Comestibles
 b - 15 rations
 G - 2 chunks of flesh


   Skills:
 + Level 4.8 Fighting
 + Level 4.2 Polearms
 - Level 1.7 Dodging
 - Level 1.7 Stealth
 * Level 8.1 Spellcasting
 + Level 7.1 Conjurations
 + Level 9.3 Fire Magic


You had 10 spell levels left.
You knew the following spells:

 Your Spells              Type           Power        Failure   Level  Hunger
a - Flame Tongue          Conj/Fire      #####        1%          1    None
b - Conjure Flame         Conj/Fire      #####...     1%          3    None
c - Fireball              Conj/Fire      #####.....   3%          5    #####..
d - Sticky Flame          Conj/Fire      #####...     1%          4    ###....
e - Throw Flame           Conj/Fire      #####.       1%          2    None

Your spell library contained the following spells:

 Spells                   Type           Power        Failure   Level  Hunger
 Magic Dart               Conj           ####         1%          1    None
 Throw Frost              Conj/Ice       ###...       1%          2    None
 Inner Flame              Hex/Fire       ####....     1%          3    None
 Animate Skeleton         Necr           N/A          3%          1    None
 Apportation              Tloc           #.....       3%          1    None
 Confusing Touch          Hex            #.....       3%          1    None
 Freeze                   Ice            #...         3%          1    None
 Summon Small Mammal      Summ           #...         3%          1    None
 Throw Icicle             Conj/Ice       ###.....     9%          4    ###....
 Ozocubu's Armour         Chrm/Ice       #.......     11%         3    None
 Recall                   Summ/Tloc      N/A          11%         3    None
 Animate Dead             Necr           N/A          32%         4    ###....
 Summon Ice Beast         Ice/Summ       #.......     32%         4    ###....
 Borgnjor's Vile Clutch   Necr/Erth      #.........   65%         5    #####..
 Death Channel            Necr           #.........   99%         6    ######.
 Simulacrum               Ice/Necr       #.........   99%         6    ######.


Dungeon Overview and Level Annotations

Branches:
Dungeon (9/15)             Temple (1/1) D:7
   Lair: D:8-11         Orc: D:9-12

Altars:
Ashenzari
Cheibriados
Dithmenos
Elyvilon
Gozag
Hepliaklqana
Kikubaaqudgha
Makhleb
Nemelex Xobeh
Okawaru
Qazlal
Ru
Sif Muna
Trog
Uskayaw
Vehumet
Xom
Yredelemnul
Zin
The Shining One

Shops:
D:5 ?:

Annotations:
D:6 2 transporters, Menkaure


Innate Abilities, Weirdness & Mutations

You can breathe blasts of fire.
Your fiery red scales are hard. (AC +7)
You cannot fit into any form of body armour.
Your flesh is heat resistant. (rF+)
You are cold-blooded and may be slowed by cold attacks.


Message History

The troll misses you. The troll claws you!
* * * LOW HITPOINT WARNING * * *
The troll barely misses you. The hippogriff closely misses you.
The hippogriff misses you. x2
You barely miss the troll.
The troll is severely wounded.
The troll bites you but does no damage. The troll misses you.
The troll claws you but does no damage.
You are too berserk!
You feel a strong urge to attack something.
You see here a quokka skeleton.
You feel your anger nearly subside.
You are no longer berserk.
You are exhausted.
You feel yourself slow down. The hippogriff bites you.
* * * LOW HITPOINT WARNING * * *
The hippogriff pecks you.
* * * LOW HITPOINT WARNING * * *
The hippogriff claws you.
You die...

#.............
#...........#
##...........#
##....#.....#
#####.....#.....# ##.
#...............##...
.......<.##..........
.....#...#........#...
###.
##.##.@.....###...#.
####..H.............
##.....T.............
##......รท..####........
#..........###.........
###..#.................
#.##...#.............
#######..............
##.............


You could see a hippogriff and a troll.

Vanquished Creatures
  3 hippogriffs
  A spriggan (D:7)
  Eustachio (D:5)
  A water moccasin (D:8)
  A black bear (D:7)
  An eye of draining (D:8)
  2 orc warriors
  5 ogres
  2 phantoms
  A centaur (D:9)
  A crocodile (D:8)
  A big kobold (D:7)
  6 bullfrogs
  A scorpion (D:5)
  5 wights
  A howler monkey (D:4)
  4 jellies
  4 crimson imps
  5 orc priests
  4 orc wizards
  Crazy Yiuf (D:3)
  7 hounds
  A bullfrog skeleton (D:4)
  A gnoll shaman (D:8)
  Jessica (D:3)
  A centaur skeleton (D:6)
  2 iguanas (D:8)
  Ijyb (D:5)
  Terence (D:2)
  Natasha (twice) (D:2 D:1)
  5 worker ants
  2 hound skeletons
  A worker ant zombie (D:8)
  7 gnolls
  8 adders
  A shadow imp (D:6)
  A worm (D:2)
  3 dart slugs
  3 leopard geckos
  19 orcs
  5 giant cockroaches
  6 hobgoblins
  10 jackals
  10 kobolds
  8 quokkas
  2 ball pythons (D:2)
  2 bats
  3 frilled lizards
  8 goblins
  A leopard gecko skeleton (D:4)
  3 rats
176 creatures vanquished.

Notes
Turn   | Place    | Note
-------+----------+-------------------------------------------
     0 | D:1      | Forgol the Draconian Fire Elementalist began the quest for
                  | the Orb.
     0 | D:1      | Reached XP level 1. HP: 14/14 MP: 3/3
   408 | D:1      | Reached XP level 2. HP: 18/20 MP: 0/5
  1008 | D:2      | Noticed Natasha
  1014 | D:2      | Killed Natasha
  1014 | D:2      | Reached XP level 3. HP: 26/26 MP: 0/6
  1235 | D:2      | Noticed Natasha
  1251 | D:1      | Reached XP level 4. HP: 19/33 MP: 3/8
  1253 | D:1      | Killed Natasha
  1478 | D:2      | Learned a level 3 spell: Conjure Flame
  1544 | D:2      | Reached skill level 4 in Fire Magic
  1776 | D:2      | Noticed Terence
  1797 | D:2      | Killed Terence
  1797 | D:2      | Reached XP level 5. HP: 26/38 MP: 0/9
  1911 | D:2      | Learned a level 5 spell: Fireball
  2958 | D:3      | Noticed Jessica
  2960 | D:3      | Killed Jessica
  3110 | D:3      | Found a white marble altar of Elyvilon.
  3394 | D:3      | Found a glowing silver altar of Zin.
  3744 | D:3      | Reached XP level 6. HP: 29/45 MP: 5/11
  4166 | D:3      | Found a runed translucent door.
  4167 | D:3      | Noticed Crazy Yiuf
  4213 | D:3      | Killed Crazy Yiuf
  4540 | D:4      | Learned a level 4 spell: Sticky Flame
  4633 | D:4      | Reached skill level 5 in Fire Magic
  4749 | D:4      | Your scales start taking on a fiery red colour.
  4749 | D:4      | Reached skill level 6 in Fire Magic
  4749 | D:4      | Reached XP level 7. HP: 50/50 MP: 7/13
  4749 | D:4      | Gained mutation: Your flesh is heat resistant. (rF+) [Red
                  | Draconian growth]
  5691 | D:5      | Entered Level 5 of the Dungeon
  5691 | D:5      | Noticed Eustachio
  5740 | D:5      | Found a sparkling altar of Nemelex Xobeh.
  5936 | D:5      | Reached skill level 5 in Spellcasting
  5936 | D:5      | Reached skill level 5 in Conjurations
  5936 | D:5      | Reached skill level 7 in Fire Magic
  6076 | D:5      | Noticed Ijyb
  6087 | D:5      | Killed Ijyb
  6337 | D:5      | Found Kuiji's Magic Scroll Emporium.
  6408 | D:5      | Killed Eustachio
  6408 | D:5      | Reached XP level 8. HP: 32/57 MP: 8/16
  6555 | D:5      | Found Reenk's Book Emporium.
  7027 | D:6      | Reached skill level 1 in Fighting
  7068 | D:6      | Found an ancient bone altar of Kikubaaqudgha.
  7077 | D:6      | Noticed Menkaure
  7080 | D:6      | Found a basalt altar of Yredelemnul.
  7083 | D:6      | Found a transporter.
  7098 | D:6      | Found a transporter.
  7320 | D:6      | Reached skill level 1 in Polearms
  7428 | D:6      | Found a sparkling altar of Nemelex Xobeh.
  7638 | D:7      | Found a staircase to the Ecumenical Temple.
  7657 | Temple   | Entered the Ecumenical Temple
  8020 | D:7      | Reached skill level 8 in Fire Magic
  8155 | D:7      | Noticed a hippogriff
  8166 | D:7      | Killed a hippogriff
  8168 | D:7      | Reached XP level 9. HP: 51/68 MP: 2/18
  8517 | D:7      | Noticed a +0 dagger
  8518 | D:7      | Noticed a +0 dagger
  8519 | D:7      | Found a hide-covered altar of Uskayaw.
  8859 | D:7      | Learned a level 2 spell: Throw Flame
  9742 | D:8      | Found a radiant altar of Vehumet.
  9752 | D:8      | Became a worshipper of Vehumet
 10845 | D:8      | Reached skill level 9 in Fire Magic
 10909 | D:8      | Paralysed by a wight for 7 turns
 11310 | D:8      | Reached XP level 10. HP: 47/80 MP: 7/22
 11512 | D:8      | Reached * piety under Vehumet
 11512 | D:8      | Offered knowledge of Magic Dart by Vehumet.
 11675 | D:8      | Found a sparkling altar of Nemelex Xobeh.
 12096 | D:9      | Slain by a hippogriff

Skill      XL: |  1  2  3  4  5  6  7  8  9 |
---------------+----------------------------+-----
Conjurations   | 2 3 4 5 6 7 |  7.1
Spellcasting   | 3 4 5 6 8 |  8.1
Fire Magic     | 4 6 7 8 9 |  9.3
Fighting       | 2 4 |  4.8
Polearms       | 2 4 |  4.2
Dodging        | |  1.7
Stealth        | |  1.7

Action                   |  1- 3 |  4- 6 |  7- 9 | 10-12 || total
-------------------------+-------+-------+-------+-------++-------
Melee: Spear             |    29 |    26 |       |       ||    55
       Tailslap          |     4 |     2 |    10 |       ||    16
       Trident           |       |     1 |   142 |    10 ||   153
       Staff             |       |       |     1 |       ||     1
 Cast: Flame Tongue      |    31 |   127 |   172 |     6 ||   336
       Sticky Flame      |       |     1 |     1 |     1 ||     3
       Fireball          |       |       |     1 |     1 ||     2
       Throw Flame       |       |       |   115 |    29 ||   144
 Abil: Breathe Fire      |       |       |     4 |     1 ||     5
  Use: Scroll            |     2 |     1 |    19 |     1 ||    23
       Potion            |       |       |     2 |     1 ||     3
 Stab: Sleeping          |     1 |       |     1 |       ||     2
  Eat: Chunk             |     1 |     8 |    11 |     3 ||    23
       Ration            |       |     1 |     3 |       ||     4
Armor: Skin              |     8 |    10 |    76 |    14 ||   108
Dodge: Dodged            |    32 |    53 |   199 |    39 ||   323
